 Dungeon Crawl Stone Soup version 0.30-a0-476-g330ca2eb8e (webtiles) character file.

Game seed: 14832536843413026620

22 kae the Firebug (level 2, -2/17 HPs)
             Began as an Octopode Fire Elementalist on Dec 21, 2022.
             Slain by a kobold
             ... wielding a +0 dagger
              (4 damage)
             ... on level 1 of the Dungeon.
             The game lasted 00:00:36 (525 turns).

kae the Firebug (Octopode Fire Elementalist)         Turns: 525, Time: 00:00:36

Health: -2/17      AC:  1    Str:  7    XL:     2   Next: 91%
Magic:  3/5        EV: 13    Int: 17    God:
Gold:   35         SH:  0    Dex: 12    Spells: 2/5 levels left

rFire   . . .      SeeInvis .    e - +0 dagger
rCold   . . .      Faith    .    (no shield)
rNeg    . . .      Spirit   .    (helmet restricted)
rPois   .          Reflect  .    (no amulet)
rElec   .          Harm     .    (no ring)
rCorr   .          Rampage  .    (no ring)
Will    .....                    (no ring)
Stlth   +++.......               (no ring)
HPRegen 0.22/turn                (no ring)
MPRegen 0.09/turn                (no ring)
                                 (no ring)
                                 (no ring)

@: no status effects
A: almost no armour, amphibious, 8 rings, camouflage 1, gelatinous body 1,
(nimble swimmer 1), tentacles
a: no special abilities


You were on level 1 of the Dungeon.
You visited 1 branch of the dungeon, and saw 1 of its levels.

You collected 35 gold pieces.


Innate Abilities, Weirdness & Mutations

You cannot wear most types of armour.
You are amphibious.
You can wear up to eight rings at the same time.
Your skin changes colour to match your surroundings (Stealth+).
Your rubbery body absorbs attacks. (AC +1, EV +1)
((You are camouflaged when in or above water. (Stealth+)))
You have tentacles for arms and can constrict up to eight enemies at once.


   Skills:
 - Level 2.0 Dodging
 - Level 2.6 Stealth
 + Level 2.2 Spellcasting
 * Level 1.8 Conjurations
 * Level 3.4 Fire Magic


You had 2 spell levels left.
You knew the following spells:

 Your Spells              Type           Power      Damage    Failure   Level
a - Foxfire               Conj/Fire      40%        2x1d6     6%          1
b - Scorch                Fire           26%        2d6       7%          2

Your spell library contained the following spells:

 Spells                   Type           Power      Damage    Failure   Level
 Inner Flame              Hex/Fire       7%         N/A       28%         3
 Kindle Blastsparks       Fire/Tloc/Air  10%        2d10      34%         3
 Flame Wave               Conj/Fire      10%        2d6       54%         4

Inventory:

Hand Weapons
 e - a +0 dagger (weapon)
   (You took it off a kobold on level 1 of the Dungeon)
Magical Staves
 c - a staff of air {!a}
   (You found it on level 1 of the Dungeon)
Jewellery
 O - a +4 ring of protection
   (You found it on level 1 of the Dungeon)
Scrolls
 d - 2 scrolls of enchant weapon {unknown}
 h - a scroll of identify {unknown}
Potions
 a - a potion of magic
 b - a potion of curing {unknown}
 f - a potion of mutation {unknown}
 g - a potion of brilliance {unknown}

Dungeon Overview and Level Annotations

Branches:
Dungeon (1/15) Zot: 5474

Altars:

#.# # #
#######.##########♣
.
..#...#........##§
###. ...
#.######...♣. ....#
#.# #...# #...♣♣
#.....#.# #.†.#
#..... #.....#.##
#...# #..#♣.
......)..###..##
##..#♣.
......K@......#
#.....♣
......#†.####.#
#.###.♣ .#### #..#
#.# #.# #.# ..?..
#.# #.###.# ######.
.# #...>.# .# .#
##..### # .# #..###
.# #..... ##.###


You could see a kobold.


Message History

You puncture the endoplasm!
You kill the endoplasm! 😎 HP[+1]
Your hp is fully restored (17).
You hit the rat.
You kill the rat!
The frilled lizard barely misses you.
You see here a rat corpse.
You hit the frilled lizard.
You kill the frilled lizard!
No target in view!
No target in view!
No target in view!
No target in view!
No target in view!
Memorise Scorch, consuming 2 spell levels and leaving 2?
You start memorising the spell.
You continue memorising. x2
You finish memorising.
Spell assigned to 'b'.
A bat comes into view.
A bat is nearby!
A bat is nearby!
A bat is nearby!
Found a stone staircase leading down.
The helpless bat fails to defend itself.
You hit the bat.
You kill the bat!
There is a stone staircase leading down here.
h - a scroll labelled YJA FOT GIEKH No target in view!
No target in view!
A ball python comes into view.
A rat comes into view.
The ball python hisses angrily.
There are monsters nearby!
There are monsters nearby!
You barely miss the rat. You grab the rat. You constrict the rat.
The rat barely misses you. The ball python misses you.
The ball python barely misses you.
You hit the rat.
You kill the rat!
The ball python bites you. The ball python grabs you.
The ball python constricts you. 😕 HP[-3]
You take 3 damage, and now have 14/17 hp.
A ball python is nearby!
You hit the ball python. You grab the ball python. You squeeze the ball python.
You kill the ball python!
No target in view!
A kobold comes into view. It is wielding a +0 dagger. 😎 HP[+3]
Your hp is fully restored (17).
A goblin comes into view. It is wielding a +0 dagger.
The goblin shouts!
The kobold shouts!
You hear an angry hiss.
There are monsters nearby!
An endoplasm comes into view.
The endoplasm quivers.
A ball python comes into view.
The kobold barely misses you.
There are monsters nearby!
You closely miss the goblin. You grab the goblin. You squeeze the goblin.
You kill the goblin!
The kobold hits you with a +0 dagger.
You hit the endoplasm. The ball python bites you.
The ball python closely misses you. The kobold hits you with a +0 dagger.
The endoplasm misses you.
There are monsters nearby! 😮 HP[-7]
You take 7 damage, and now have 10/17 hp.
MASSIVE DAMAGE!! (PAUSE)
You hit the ball python. You grab the ball python.
You constrict the ball python. The ball python bites you.
The ball python grabs you. The ball python constricts you.
* * * LOW HITPOINT WARNING * * *
The kobold hits you with a +0 dagger.
* * * LOW HITPOINT WARNING * * *
The endoplasm jiggles.
The endoplasm hits you but does no damage. 😨 HP[-4]
You take 4 damage, and now have 6/17 hp.
MASSIVE DAMAGE!! (PAUSE)
You hit the ball python but do no damage.
You squeeze the ball python.
You kill the ball python!
The kobold hits you with a +0 dagger.
* * * LOW HITPOINT WARNING * * *
The endoplasm freezes you.
You are frozen.
* * * LOW HITPOINT WARNING * * *
😱 HP[-2]
You take 2 damage, and now have 4/17 hp.
Casting: Foxfire (safe; 6% risk of failure)
Confirm with . or Enter, or press ? or * to list all spells.
Flames lash the endoplasm.
You kill the endoplasm!
The kobold hits you with a +0 dagger.
* * * LOW HITPOINT WARNING * * *
The kobold hits you with a +0 dagger.
You die...

Action                   || total
-------------------------++-------
Melee: Unarmed           ||    17
       Constrict         ||    11
       Dagger            ||    17
       Tentacles         ||     8
 Cast: Foxfire           ||    10
       Scorch            ||     1
 Stab: Sleeping          ||     2
Armor: Skin              ||     9
Dodge: Dodged            ||    27

Levels and vault maps discovered:
D:1:      heliophobic_arrival_enchanted_forest, layout_loops_ring

Notes
Turn   | Place    | Note
-------+----------+-------------------------------------------
     0 | D:1      | kae the Octopode Fire Elementalist began the quest for the
                  | Orb.
     0 | D:1      | Reached XP level 1. HP: 11/11 MP: 3/3
     0 | D:1      | magus.rc [v1.11.3]
   200 | D:1      | Reached XP level 2. HP: 13/17 MP: 1/5
   445 | D:1      | Learned a level 2 spell: Scorch
   523 | D:1      | HP: 4/17 [frozen (2)]
   525 | D:1      | Slain by a kobold

Vanquished Creatures
  4 ball pythons (D:1)
  3 endoplasms (D:1)
  A hobgoblin (D:1)
  4 jackals (D:1)
  3 bats (D:1)
  2 frilled lizards (D:1)
  A goblin (D:1)
  2 kobolds (D:1)
  2 rats (D:1)
22 creatures vanquished.

Vanquished Creatures (others)
  13 foxfires (D:1)
13 creatures vanquished.

Grand Total: 35 creatures vanquished

Table legend:
 A = Non-vault XP
 B = Vault XP
 C = Vault XP percentage of total XP
 D = Non-vault monster count
 E = Vault monster count
 F = Vault count percentage of total count
                 A         B        C        D         E       F
            +---------+---------+-------+---------+---------+-------
      Total |      32 |       0 |   0.0 |      22 |       0 |   0.0
            +---------+---------+-------+---------+---------+-------
        D:1 |      32 |       0 |   0.0 |      22 |       0 |   0.0
            +---------+---------+-------+---------+---------+-------

Illustrated notes

Table legend:
 A = Kills in this place as a percentage of kills in entire the game.
 B = Kills by you in this place as a percentage of kills by you in the entire game.
 C = Kills by friends in this place as a percentage of kills by friends in the entire game.
 D = Other kills in this place as a percentage of other kills in the entire game.
 E = Experience gained in this place as a percentage of experience gained in the entire game.
 F = Experience gained in this place divided by the number of levels of this place that you have seen.
                   A       B       C       D       E      F
               +-------+-------+-------+-------+-------+----------------------
         Total | 100.0 | 100.0 |   N/A |   N/A | 100.0 |  32.0
       Dungeon | 100.0 | 100.0 |   N/A |   N/A | 100.0 |  32.0
               +-------+-------+-------+-------+-------+----------------------

Table legend: (Time is in decaauts)
 A = Elapsed time spent in this place.
 B = Non-inter-level travel time spent in this place.
 C = Inter-level travel time spent in this place.
 D = Time resting spent in this place.
 E = Time spent auto-exploring this place.
 F = Levels seen in this place.
 G = Mean time per level.
                   A        B        C        D        E       F      G
               +--------+--------+--------+--------+--------+-----+--------+
         Total |    524 |    524 |      0 |      9 |    383 |   1 |  524.0 |
       Dungeon |    524 |    524 |      0 |      9 |    383 |   1 |  524.0 |
               +--------+--------+--------+--------+--------+-----+--------+

Top non-repeatable levels by time:
     D:1: 524 daAuts
